 Dungeon Crawl Stone Soup version 0.21.1-1-g345015f (webtiles) character file.

245 tidbits the Sneak (level 6, 0/44 HPs)
             Began as a Gnoll Enchanter on June 13, 2018.
             Slain by a worker ant (1 damage)
             ... on level 4 of the Dungeon.
             The game lasted 00:06:20 (643 turns).

tidbits the Sneak (Gnoll Enchanter)                  Turns: 643, Time: 00:06:21

Health: 0/44       AC:  6    Str: 11    XL:     6   Next: 10%
Magic:  1/13       EV: 15    Int: 19    God:
Gold:   144        SH:  0    Dex: 15    Spells: 6/15 levels left

rFire    . . .     SeeInvis +   a - +1 dagger
rCold    + . .     Gourm    .   (no shield)
rNeg     . . .     Faith    .   B - +2 robe {rC+}
rPois    .         Spirit   .   (no helmet)
rElec    .         Reflect  .   C - +0 cloak
rCorr    +         Harm     .   G - +0 pair of gloves
MR       .....                  (no boots)
Stlth    +++.......             (no amulet)
HPRegen  0.14/turn              g - ring of see invisible
MPRegen  0.13/turn              K - ring of resist corrosion

@: lethally poisoned (0 -> -7)
A: distributed training, fangs 1, strong nose
a: no special abilities


You were on level 4 of the Dungeon.
You were not hungry.

You visited 1 branch of the dungeon, and saw 5 of its levels.

You collected 144 gold pieces.

Inventory:

Hand Weapons
 a - a +1 dagger (weapon)
 b - a +0 dagger of venom
   (You found it on level 3 of the Dungeon)
 j - a +0 hunting sling
Missiles
 e - 26 sling bullets
 f - 75 stones
 h - 61 arrows
 l - 19 bolts
 m - 2 tomahawks (quivered)
Armour
 q - a +0 robe
 B - a +2 robe of cold resistance (worn)
   (You found it on level 4 of the Dungeon)
 C - a +0 cloak (worn)
 G - a +0 pair of gloves (worn)
Jewellery
 g - a ring of see invisible (left hand)
   (You found it on level 1 of the Dungeon)
 K - a ring of resist corrosion (right hand)
   (You found it on level 4 of the Dungeon)
Wands
 p - a wand of paralysis (13)
Scrolls
 i - a scroll of blinking {unknown}
 o - a scroll of remove curse {unknown}
 r - a scroll of identify {unknown}
Potions
 k - a potion of curing {unknown}
 n - 2 potions of resistance {unknown}
Books
 c - a book of Maledictions

   Spells                             Type                      Level
   a - Corona                         Hexes                        1
   b - Ensorcelled Hibernation        Hexes/Ice                    2
   c - Confuse                        Hexes                        3
   d - Tukima's Dance                 Hexes                        3
   e - Dazzling Spray                 Conjuration/Hexes            3
Comestibles
 d - 5 rations


   Skills:
 + Level 1.7 Fighting
 + Level 3.1 Short Blades
 + Level 1.7 Long Blades
 + Level 1.7 Axes
 + Level 1.7 Maces & Flails
 + Level 1.7 Polearms
 + Level 1.7 Staves
 + Level 1.7 Slings
 + Level 1.7 Bows
 + Level 1.7 Crossbows
 + Level 1.7 Throwing
 + Level 1.7 Armour
 + Level 4.9 Dodging
 + Level 6.2 Stealth
 + Level 1.7 Shields
 + Level 1.7 Unarmed Combat
 + Level 5.3 Spellcasting
 + Level 1.3 Conjurations
 + Level 5.6 Hexes
 + Level 1.3 Charms
 + Level 1.3 Summonings
 + Level 1.3 Necromancy
 + Level 1.3 Translocations
 + Level 1.3 Transmutations
 + Level 1.3 Fire Magic
 + Level 1.3 Ice Magic
 + Level 1.3 Air Magic
 + Level 1.3 Earth Magic
 + Level 1.3 Poison Magic
 + Level 2.0 Invocations
 + Level 1.7 Evocations


You had 6 spell levels left.
You knew the following spells:

 Your Spells              Type           Power        Failure   Level  Hunger
a - Corona                Hex            ####...      1%          1    None
c - Confuse               Hex            ####....     3%          3    ##.....
d - Dazzling Spray        Conj/Hex       ###...       9%          3    ##.....
e - Ensorcelled Hibernat  Hex/Ice        ###...       4%          2    None


Dungeon Overview and Level Annotations

Branches:
Dungeon (5/15)
 Temple: D:4-7

Altars:
Fedhas

Annotations:
D:4 EggBaby's ghost, novice OpCj


Innate Abilities, Weirdness & Mutations

Your experience applies equally to all skills.
You have very sharp teeth.
Your uncanny sense of smell can sniff out nearby items.


Message History

There is a stone staircase leading down here.
Unknown command.
You see here a short sword.
Things that are here:
a ring mail; a flail
Things that are here:
a club; a falchion
There is a stone staircase leading down here.
You climb downwards.
A worker ant comes into view.
There is a stone staircase leading up here.
An iguana comes into view.
There is a stone staircase leading up here.
The iguana hisses angrily.
You climb upwards.
Level annotation: EggBaby's ghost, novice OpCj
There is a stone staircase leading down here.
Unknown command.
Found 23 gold pieces.
You see here 9 gold pieces.
You now have 130 gold pieces (gained 9).
You see here 14 gold pieces.
You now have 144 gold pieces (gained 14).
As you open the large door, it creaks loudly!
A giant cockroach comes into view.
You hear a shout!
The giant cockroach moves out of view.
Found 3 scrolls labeled TAEMEI RYLAAHA.
Unknown command.
Found a cyan potion.
An ogre comes into view. It is wielding a giant club.
There is a large open door here.
Casting: Ensorcelled Hibernation
Confirm with . or Enter, or press ? or * to list all spells.
Aiming: Ensorcelled Hibernation
Press: ? - help, Shift-Dir - straight line, f - giant cockroach
Aim: a giant cockroach (chance to defeat MR: 64%)
The giant cockroach resists with significant effort.
The giant cockroach barely misses you.
Casting: Ensorcelled Hibernation
Confirm with . or Enter, or press ? or * to list all spells.
Aiming: Ensorcelled Hibernation
Press: ? - help, Shift-Dir - straight line, f/p - giant cockroach
Aim: a giant cockroach (clinging, chance to defeat MR: 64%)
The giant cockroach looks drowsy...
A worker ant comes into view.
The helpless giant cockroach fails to defend itself.
You impale the giant cockroach!!
You kill the giant cockroach!
Casting: Ensorcelled Hibernation
Confirm with . or Enter, or press ? or * to list all spells.
Aiming: Ensorcelled Hibernation
Press: ? - help, Shift-Dir - straight line, f - ogre
Aim: an ogre, wielding a giant club (chance to defeat MR: 47%)
The ogre resists with some effort.
The worker ant twitches its antennae in your direction.
The ogre hits you with a giant club!
* * * LOW HITPOINT WARNING * * *
Casting: Ensorcelled Hibernation
Confirm with . or Enter, or press ? or * to list all spells.
Aiming: Ensorcelled Hibernation
Press: ? - help, Shift-Dir - straight line, f/p - ogre
Aim: an ogre, wielding a giant club (chance to defeat MR: 47%)
The ogre looks drowsy...
The helpless ogre fails to defend itself.
You impale the ogre!!
You kill the ogre!
Your Invocations skill increases to level 2!
You have reached level 6!
Your experience leads to an increase in your attributes!
Increase (S)trength, (I)ntelligence, or (D)exterity?
You feel clever.
Casting: Ensorcelled Hibernation
Confirm with . or Enter, or press ? or * to list all spells.
Aiming: Ensorcelled Hibernation
Press: ? - help, Shift-Dir - straight line, f - worker ant
Aim: a worker ant (chance to defeat MR: 57%)
The worker ant resists with significant effort.
The worker ant completely misses you.
Casting: Ensorcelled Hibernation
Confirm with . or Enter, or press ? or * to list all spells.
Aiming: Ensorcelled Hibernation
Press: ? - help, Shift-Dir - straight line, f/p - worker ant
Aim: a worker ant (chance to defeat MR: 57%)
The worker ant resists with significant effort.
The worker ant bites you.
* * * LOW HITPOINT WARNING * * *
Casting: Ensorcelled Hibernation
Confirm with . or Enter, or press ? or * to list all spells.
You don't have enough magic to cast that spell.
Evoke which item? (* to show all) (? for menu, Esc to quit)
Aiming: Paralyse
Press: ? - help, Shift-Dir - straight line, f/p - worker ant
Aim: a worker ant (chance to defeat MR: 60%)
The worker ant resists with significant effort.
The worker ant bites you.
* * * LOW HITPOINT WARNING * * *
You are lethally poisoned!
The worker ant poisons you! The worker ant bites you.
You die...

....# ∆ ....#
....###########♣
♣
..............#♣.
.♣
...##########.#
.♣♣♣♣!♣ ..## #.#
?.... ### #.#
♣..♣ #.####''#
#...@a..#
#########


You could see a worker ant.

Vanquished Creatures
  An ogre (D:4)
  A hound (D:3)
  2 orc priests (D:4)
  Ijyb (D:3)
  A worker ant (D:4)
  2 dart slugs
  3 orcs (D:4)
  3 giant cockroaches
  3 goblins
  4 jackals
  4 kobolds
  A quokka (D:3)
  2 bats
  2 frilled lizards
  A rat (D:1)
31 creatures vanquished.

Notes
Turn   | Place    | Note
-------+----------+-------------------------------------------
     0 | D:1      | tidbits the Gnoll Enchanter began the quest for the Orb.
     0 | D:1      | Reached XP level 1. HP: 13/13 MP: 6/6
    87 | D:1      | Reached XP level 2. HP: 10/19 MP: 7/7
   149 | D:2      | Learned a level 2 spell: Ensorcelled Hibernation
   193 | D:4      | Found a blossoming altar of Fedhas.
   225 | D:3      | Reached skill level 6 in Stealth
   225 | D:3      | Reached skill level 5 in Spellcasting
   225 | D:3      | Reached skill level 1 in Invocations
   225 | D:3      | Reached XP level 3. HP: 13/25 MP: 5/9
   230 | D:3      | Learned a level 3 spell: Confuse
   234 | D:3      | Learned a level 3 spell: Dazzling Spray
   386 | D:4      | Reached skill level 1 in Fighting
   386 | D:4      | Reached skill level 1 in Long Blades
   386 | D:4      | Reached skill level 1 in Axes
   386 | D:4      | Reached skill level 1 in Maces & Flails
   386 | D:4      | Reached skill level 1 in Polearms
   386 | D:4      | Reached skill level 1 in Staves
   386 | D:4      | Reached skill level 1 in Slings
   386 | D:4      | Reached skill level 1 in Bows
   386 | D:4      | Reached skill level 1 in Crossbows
   386 | D:4      | Reached skill level 1 in Throwing
   386 | D:4      | Reached skill level 1 in Armour
   386 | D:4      | Reached skill level 1 in Shields
   386 | D:4      | Reached skill level 1 in Unarmed Combat
   386 | D:4      | Reached skill level 1 in Evocations
   393 | D:4      | Noticed EggBaby's ghost (novice OpCj)
   401 | D:3      | Noticed Ijyb
   403 | D:3      | Killed Ijyb
   403 | D:3      | Reached XP level 4. HP: 32/32 MP: 6/11
   450 | D:5      | Entered Level 5 of the Dungeon
   485 | D:4      | Reached skill level 1 in Conjurations
   485 | D:4      | Reached skill level 1 in Charms
   485 | D:4      | Reached skill level 1 in Summonings
   485 | D:4      | Reached skill level 1 in Necromancy
   485 | D:4      | Reached skill level 1 in Translocations
   485 | D:4      | Reached skill level 1 in Transmutations
   485 | D:4      | Reached skill level 1 in Fire Magic
   485 | D:4      | Reached skill level 1 in Ice Magic
   485 | D:4      | Reached skill level 1 in Air Magic
   485 | D:4      | Reached skill level 1 in Earth Magic
   485 | D:4      | Reached skill level 1 in Poison Magic
   519 | D:4      | Reached XP level 5. HP: 37/37 MP: 7/12
   525 | D:4      | Reached skill level 3 in Short Blades
   633 | D:4      | Noticed an ogre
   640 | D:4      | Killed an ogre
   640 | D:4      | Reached skill level 2 in Invocations
   640 | D:4      | Reached XP level 6. HP: 10/44 MP: 5/13
   643 | D:4      | HP: 1/44 [worker ant (6)]
   643 | D:4      | Slain by a worker ant

Skill      XL: |  1  2  3  4  5 |
---------------+----------------+-----
Stealth        | 6 |  6.2
Spellcasting   | 5 |  5.3
Invocations    | 1 2 |  2.0
Fighting       | 1 |  1.7
Long Blades    | 1 |  1.7
Axes           | 1 |  1.7
Maces & Flails | 1 |  1.7
Polearms       | 1 |  1.7
Staves         | 1 |  1.7
Slings         | 1 |  1.7
Bows           | 1 |  1.7
Crossbows      | 1 |  1.7
Throwing       | 1 |  1.7
Armour         | 1 |  1.7
Shields        | 1 |  1.7
Unarmed Combat | 1 |  1.7
Evocations     | 1 |  1.7
Conjurations   | 1 |  1.3
Charms         | 1 |  1.3
Summonings     | 1 |  1.3
Necromancy     | 1 |  1.3
Translocations | 1 |  1.3
Transmutations | 1 |  1.3
Fire Magic     | 1 |  1.3
Ice Magic      | 1 |  1.3
Air Magic      | 1 |  1.3
Earth Magic    | 1 |  1.3
Poison Magic   | 1 |  1.3
Short Blades   | 3 |  3.1
Dodging        | |  4.9
Hexes          | |  5.6

Action                   |  1- 3 |  4- 6 || total
-------------------------+-------+-------++-------
Melee: Dagger            |    33 |    10 ||    43
 Cast: Corona            |     7 |       ||     7
       Ensorcelled Hiber |     9 |    12 ||    21
       Dazzling Spray    |       |     1 ||     1
Evoke: Wand              |       |     1 ||     1
 Stab: Sleeping          |    16 |     7 ||    23
       Invisible         |       |     1 ||     1
Armor: Robe              |     4 |     1 ||     5
Dodge: Dodged            |    26 |     7 ||    33

Table legend:
 A = Turns spent in this place as a percentage of turns spent in the entire game.
 B = Non-inter-level travel turns spent in this place as a percentage of non-inter-level travel turns spent in the entire game.
 C = Inter-level travel turns spent in this place as a percentage of turns spent in this place.
 D = Turns resting spent in this place as a percentage of non-inter-level travel turns spent in this place.
 E = Turns spent auto-exploring this place as a percentage of non-inter-level travel turns spent in this place.
 F = Non-inter-level travel turns spent in this place divided by the number of levels of this place that you've seen.
                   A       B       C       D       E      F
               +-------+-------+-------+-------+-------+----------------------
         Total | 100.0 | 100.0 |   0.0 |   0.0 |   0.0 | 128.6
       Dungeon | 100.0 | 100.0 |   0.0 |   0.0 |   0.0 | 128.6
               +-------+-------+-------+-------+-------+----------------------

Table legend:
 A = Kills in this place as a percentage of kills in entire the game.
 B = Kills by you in this place as a percentage of kills by you in the entire game.
 C = Kills by friends in this place as a percentage of kills by friends in the entire game.
 D = Other kills in this place as a percentage of other kills in the entire game.
 E = Experience gained in this place as a percentage of experience gained in the entire game.
 F = Experience gained in this place divided by the number of levels of this place that you have seen.
                   A       B       C       D       E      F
               +-------+-------+-------+-------+-------+----------------------
         Total | 100.0 | 100.0 |   N/A |   N/A | 100.0 |  70.0
       Dungeon | 100.0 | 100.0 |   N/A |   N/A | 100.0 |  70.0
               +-------+-------+-------+-------+-------+----------------------

Vault maps used:
D:1:      nicolae_arrival_washed_ashore
D:2:      kennysheep_the_goblin_king, grunt_qazlal_sundering, first_ration
D:3:      chequers_ecumenical_altar_twisty, kennysheep_generic_room_10,
          uniq_ijyb, uniq_natasha
D:4:      grunt_dithmenos_shadows, grunt_temple_overflow_open,
          minmay_temple_entry_hall, kennysheep_generic_room_6
D:5:      minitemple, kennysheep_mini_moat, uniq_grinder
